 Dungeon Crawl Stone Soup version 0.27-a0-1140-g099f9bb0e8 (webtiles) character file.

Game seed: 12650007564910936229

11 Froggeryz the Sneak (level 2, -8/18 HPs)
             Began as an Octopode Wanderer on May 10, 2021.
             Mangled by a gnoll
             ... wielding a +0 flail
              (13 damage)
             ... on level 2 of the Dungeon.
             The game lasted 00:00:39 (424 turns).

Froggeryz the Sneak (Octopode Wanderer)              Turns: 424, Time: 00:00:39

Health: -8/18      AC:  1    Str:  9    XL:     2   Next: 25%
Magic:  5/5        EV: 13    Int: 14    God:
Gold:   0          SH:  0    Dex: 13    Spells: 5/5 levels left

rFire    . . .     SeeInvis .   a - +0 falchion
rCold    . . .     Faith    .   (no shield)
rNeg     . . .     Spirit   .   (helmet restricted)
rPois    .         Reflect  .   (no amulet)
rElec    .         Harm     .   (no ring)
rCorr    .         Rampage  .   (no ring)
Will     .....                  (no ring)
Stlth    +++.......             (no ring)
HPRegen  0.06/turn              (no ring)
MPRegen  0.09/turn              (no ring)
                                (no ring)
                                (no ring)

@: no status effects
A: almost no armour, amphibious, 8 rings, camouflage 1, gelatinous body 1,
(nimble swimmer 1), tentacles
a: no special abilities


You were on level 2 of the Dungeon.
You visited 1 branch of the dungeon, and saw 2 of its levels.

Inventory:

Hand Weapons
 a - a +0 falchion (weapon)


   Skills:
 - Level 1.0 Fighting
 - Level 1.0 Long Blades
 + Level 1.4 Dodging
 - Level 2.6 Stealth
 * Level 1.4 Unarmed Combat
 - Level 2.0 Spellcasting
 - Level 1.0 Conjurations
 - Level 2.0 Translocations


You had 5 spell levels left.
You didn't know any spells.
Your spell library contained the following spells:

 Spells                   Type           Power      Damage    Failure   Level
 Magic Dart               Conj           16%        1d3       16%         1
 Blink                    Tloc           N/A        N/A       16%         2
 Beastly Appendage        Tmut           2%         N/A       24%         1
 Call Imp                 Summ           1%         N/A       34%         2
 Slow                     Hex            1%         N/A       34%         2
 Conjure Flame            Conj/Fire      2%         6-21      50%         3
 Mephitic Cloud           Conj/Pois/Air  2%         N/A       52%         3
 Ignite Poison            Fire/Tmut/Pois 1%         N/A       56%         3


Dungeon Overview and Level Annotations

Branches:
Dungeon (1/15)

Altars:


Innate Abilities, Weirdness & Mutations

You cannot wear most types of armour.
You are amphibious.
You can wear up to eight rings at the same time.
Your skin changes colour to match your surroundings (Stealth+).
Your rubbery body absorbs attacks. (AC +1, EV +1)
((You are camouflaged near water. (Stealth+)))
You have tentacles for arms and can constrict up to eight enemies at once.


Message History

You grab the jackal.
The jackal is heavily wounded.
You hit the jackal but do no damage. You squeeze the jackal.
You kill the jackal!
You constrict the jackal. The jackal bites you.
You hit the jackal.
You kill the jackal!
The gnoll misses you.
You riposte.
You closely miss the gnoll. You grab the gnoll.
You hit the gnoll but do no damage. You constrict the gnoll.
The gnoll hits you with a +0 spear.
You are too injured to fight recklessly!
You are too injured to fight recklessly!
You are too injured to fight recklessly!
You are too injured to fight recklessly!
You are too injured to fight recklessly!
You are too injured to fight recklessly!
You are too injured to fight recklessly!
You are too injured to fight recklessly!
You are too injured to fight recklessly!
You are too injured to fight recklessly!
You are too injured to fight recklessly!
You are too injured to fight recklessly!
You are too injured to fight recklessly!
You are too injured to fight recklessly!
You barely miss the gnoll.
The gnoll is lightly wounded.
You constrict the gnoll. The gnoll completely misses you.
A gnoll comes into view. It is wielding a +0 flail.
You hit the gnoll.
The gnoll is moderately wounded.
You constrict the gnoll, but do no damage.
The gnoll hits you with a +0 spear. x2
* * * LOW HITPOINT WARNING * * *
You hit the gnoll.
The gnoll is heavily wounded.
You constrict the gnoll. The gnoll hits you but does no damage.
The gnoll hits you with a +0 flail!
Ouch! That really hurt!
You die...

gg#.# ######
###.#.# .....
......# . #...
..h..### ..
#..####...... ..
#..###....##..#.##
.#
#.........@g.....#
#.#
##.......g..#..#
#.# ###...####.#..#
#.# ##.##
#.#..###.###### #.#
#..............
#.#####.#......####
#.........###..#
####.###### #..#
#.# #.##


You could see 2 gnolls.

Vanquished Creatures
  A ball python (D:2)
  A bat zombie (D:1)
  A goblin (D:2)
  3 jackals (D:2)
  A kobold (D:1)
  A ball python zombie (D:1)
  A bat (D:1)
9 creatures vanquished.

Notes
Turn   | Place    | Note
-------+----------+-------------------------------------------
     0 | D:1      | Froggeryz the Octopode Wanderer began the quest for the
                  | Orb.
     0 | D:1      | Froggeryz set off with the following items: a +0 falchion,
                  | a +0 dagger; and the following spells available to
                  | memorise: Magic Dart, Blink, Beastly Appendage, Call Imp,
                  | Slow, Conjure Flame, Mephitic Cloud, Ignite Poison
     0 | D:1      | Reached XP level 1. HP: 13/13 MP: 3/3
   330 | D:1      | You fall into a shaft and drop 1 floor!
   338 | D:2      | Reached skill level 1 in Unarmed Combat
   366 | D:2      | Reached XP level 2. HP: 18/18 MP: 5/5
   424 | D:2      | Mangled by a gnoll

Illustrated notes

Levels and vault maps discovered:
D:1:      saegor_arrival_fortress, layout_basic, minmay_pentomino_z4
D:2:      layout_loops_ring, basic_altar, uniq_crazy_yiuf_cottage

Skill      XL: |  1 |
---------------+----+-----
Unarmed Combat | 1 |  1.4
Fighting       | |  1.0
Long Blades    | |  1.0
Dodging        | |  1.4
Stealth        | |  2.6
Spellcasting   | |  2.0
Conjurations   | |  1.0
Translocations | |  2.0

Action                   || total
-------------------------++-------
Melee: Falchion          ||    20
       Constrict         ||     8
       Tentacles         ||     3
 Stab: Sleeping          ||     2
Armor: Skin              ||     2
Dodge: Dodged            ||    22
       Rpst.: Falchion   ||     5

Table legend: (Time is in decaauts)
 A = Elapsed time spent in this place.
 B = Non-inter-level travel time spent in this place.
 C = Inter-level travel time spent in this place.
 D = Time resting spent in this place.
 E = Time spent auto-exploring this place.
 F = Levels seen in this place.
 G = Mean time per level.
                   A        B        C        D        E       F      G
               +--------+--------+--------+--------+--------+-----+--------+
         Total |    428 |    428 |      0 |      0 |    354 |   2 |  214.0 |
       Dungeon |    428 |    428 |      0 |      0 |    354 |   2 |  214.0 |
               +--------+--------+--------+--------+--------+-----+--------+

Top non-repeatable levels by time:
     D:1: 331 daAuts
     D:2: 96 daAuts
